 Dungeon Crawl Stone Soup version 0.17-a0-2109-g117576f (webtiles) character file.

183 radek the Conjurer (level 5, -1/28 HPs)
             Began as a Deep Elf Conjurer on Oct 19, 2015.
             Killed by divine providence
             ... invoked by an orc priest
              (14 damage)
             ... on level 4 of the Dungeon.
             The game lasted 00:07:28 (1962 turns).

radek the Conjurer (Deep Elf Conjurer)              Turns: 1962, Time: 00:07:29

Health: -1/28      AC:  2    Str:  6    XL:     5   Next: 35%
Magic:  0/11       EV: 13    Int: 20    God:
Gold:   43         SH:  0    Dex: 15    Spells: 1 memorised, 9 levels left

rFire  . . .     SeeInvis .     u - +0 dagger (drain)
rCold  + . .     Clarity  .     a - +0 robe
rNeg   . . .     SustAt   .     (no shield)
rPois  .         Gourm    .     (no helmet)
rElec  .         Spirit   .     (no cloak)
rCorr  .         Warding  .     (no gloves)
rMut   .         Stasis   .     (no boots)
MR     .....                    (no amulet)
Stlth  ++........               (no ring)
                                h - ring of protection from cold

@: not resistant to hostile enchantments, unstealthy
A: no striking features
a: no special abilities


You were on level 4 of the Dungeon.
You were not hungry.

You visited 1 branch of the dungeon, and saw 4 of its levels.

You collected 43 gold pieces.

Inventory:

Hand Weapons
 f - a +0 dagger
 i - a +0 dagger
 u - a +0 dagger of draining (weapon)
Armour
 a - a +0 robe (worn)
Jewellery
 h - a ring of protection from cold (left hand)
Scrolls
 e - 3 scrolls of identify {unknown}
 g - a scroll of random uselessness {unknown}
 l - a scroll of immolation {unknown}
 n - a scroll of noise {unknown}
 o - a scroll of amnesia {unknown}
 s - 2 scrolls of remove curse {unknown}
 v - a scroll of blinking {unknown}
Potions
 j - a potion of magic {unknown}
 k - 2 potions of lignification {unknown}
 m - a potion of haste {unknown}
 q - 2 potions of brilliance {unknown}
 t - a potion of resistance {unknown}
Books
 b - a book of Conjurations

   Spells                             Type                      Level
   a - Magic Dart                     Conjuration                  1
   b - Searing Ray                    Conjuration                  2
   c - Dazzling Spray                 Conjuration/Hexes            3
   d - Fulminant Prism                Conjuration/Hexes            4
   e - Iskenderun's Mystic Blast      Conjuration                  4
   f - Iskenderun's Battlesphere      Conjuration/Charms           5
Comestibles
 c - 3 bread rations
 d - 2 chunks of flesh
 p - 2 meat rations
 r - a beef jerky


   Skills:
 - Level 2.4 Dodging
 - Level 2.4 Stealth
 - Level 3.0 Spellcasting
 + Level 7.3 Conjurations


You had 9 spell levels left.
You knew the following spells:

 Your Spells              Type           Power        Failure   Level  Hunger
a - Magic Dart            Conj           ####         1%          1    None


Dungeon Overview and Level Annotations

Branches:
Dungeon (4/15)
 Temple: D:4-7

Altars:
Qazlal

Annotations:
D:2 Sigmund


Message History

Casting: Magic Dart
Confirm with . or Enter, or press ? or * to list all spells.
Aiming: Magic Dart
Press: ? - help, Shift-Dir - straight line, f/p - orc
Aim: an orc, wielding a dagger and wearing a chain mail The magic dart hits the orc.
The orc is moderately wounded.
The orc hits you with a dagger.
The orc priest calls upon Beogh to heal the orc.
The orc's wounds heal themselves!
You closely miss the orc. The orc misses you.
You closely miss the orc. The orc barely misses you.
Some of the chunks of flesh in your inventory have rotted away.
You hit the orc. You drain the orc!
The orc is heavily wounded.
The orc barely misses you.
The orc priest invokes the aid of Beogh against you.
Something smites you!
Ouch! That really hurt!
You die...

##. .. ###.
...# #####..
#......#####
#.####o@.).#
..w..oo....#
.####.#.)###.#
#...<....#
####..####
...# ###.# .#
.#


You could see a worm, an orc priest and 2 orcs.

Vanquished Creatures
  A hound (D:3)
  2 orc priests
  An orc wizard (D:4)
  2 adders
  A giant gecko (D:1)
  5 orcs
  4 hobgoblins
  5 jackals (D:1)
  A ball python (D:3)
  4 bats (D:1)
  5 giant cockroaches
  13 giant newts
  3 goblins (D:1)
  7 kobolds (D:1)
  A quokka (D:3)
  4 rats
59 creatures vanquished.

Notes
Turn   | Place    | Note
--------------------------------------------------------------
     0 | D:1      | radek the Deep Elf Conjurer began the quest for the Orb.
     0 | D:1      | Reached XP level 1. HP: 10/10 MP: 6/6
   178 | D:1      | Reached XP level 2. HP: 15/15 MP: 6/8
   189 | D:1      | Reached skill level 5 in Conjurations
   480 | D:1      | Reached XP level 3. HP: 19/19 MP: 3/9
  1575 | D:2      | Noticed Sigmund
  1598 | D:3      | Reached skill level 6 in Conjurations
  1681 | D:3      | Reached XP level 4. HP: 24/24 MP: 5/10
  1847 | D:3      | Found a stormy altar of Qazlal.
  1847 | D:3      | Noticed an earth elemental
  1951 | D:4      | Reached skill level 7 in Conjurations
  1951 | D:4      | Reached XP level 5. HP: 14/28 MP: 7/11
  1962 | D:4      | Killed from afar by an orc priest

Vault maps used:
D:1:      dpeg_arrival_tiny_c, minmay_newt_pond
D:2:      kennysheep_big_empty_room, uniq_sigmund
D:3:      nicolae_qazlal_style_of_elements, first_bread, gup_sewer_entry_spiral,
          corexii_hall_statues_i, minmay_door_square
D:4:      overflow_temple_1_default, bloody_trog, uniq_grinder, uniq_menkaure,
          uniq_edmund

Action                   |  1- 3 |  4- 6 || total
-------------------------+-------+-------++-------
Melee: Dagger            |     3 |     3 ||     6
 Cast: Magic Dart        |    89 |    27 ||   116
  Eat: Chunk             |     2 |     1 ||     3
